BSA
GREENVILLE 84S @ AUSTIN RIVER SHARKS
08/23/2030
 
TOP OF THE 1ST
Greenville 84s batting - Pitching for Austin River Sharks : RHP Carlos Hernández
Pitching: RHP Carlos Hernández
Batting: LHB Stanley Smith 0-0: Ball
1-0: Swinging Strike
1-1: Fly out, F7 (Flyball, 7LD)
Batting: RHB Ramiro Chávez 0-0: Ball
1-0: Foul Ball, location: 2F
1-1: Foul Ball, location: 2F
1-2: Fly out, F8 (Flyball, 8LS)
Batting: RHB Pat Fernández 0-0: Ball
1-0: Ball
2-0: Swinging Strike
2-1: Foul Ball, location: 2F
2-2: Foul Ball, location: 2F
2-2: Strikes out looking
Top of the 1st over - 0 runs, 0 hits, 0 errors, 0 left on base; Greenville 0 - Austin 0
BOTTOM OF THE 1ST
Austin River Sharks batting - Pitching for Greenville 84s : LHP Darrell Harding
Pitching: LHP Darrell Harding
Batting: RHB Paul Swift 0-0: Ball
1-0: Ball
2-0: Called Strike
2-1: Ball
3-1: Called Strike
3-2: Strikes out looking
Batting: RHB Richard Coker 0-0: Ball
1-0: Swinging Strike
1-1: Ball
2-1: Swinging Strike
2-2: Ball
3-2: Base on Balls
Batting: RHB Edward Young 0-0: Ball
1-0: Called Strike
1-1: DOUBLE (Line Drive, 78XD)
Richard Coker to third
Runner from 3rd tries for Home, SAFE, no throw
Batting: LHB Fred Abrams 0-0: Swinging Strike
0-1: Called Strike
0-2: Ball
1-2: Strikes out swinging
Batting: RHB Jesús Hernández 0-0: Called Strike
0-1: Foul Ball, location: 2F
0-2: Strikes out swinging
Bottom of the 1st over - 1 run, 1 hit, 0 errors, 1 left on base; Greenville 0 - Austin 1
TOP OF THE 2ND
Greenville 84s batting - Pitching for Austin River Sharks : RHP Carlos Hernández
Batting: LHB Dave Raines 0-0: Foul Ball, location: 2F
0-1: Foul Ball, location: 2F
0-2: Ball
1-2: SINGLE (Groundball, 34S) (infield hit)
Batting: LHB Jimmy Vickers 0-0: Foul Ball, location: 2F
0-1: Ball
1-1: Called Strike
1-2: Ball
2-2: Ground out 5-3 (Groundball, 56S)
Dave Raines to second
Batting: RHB Casey Fox 0-0: Swinging Strike
0-1: Called Strike
0-2: Foul Ball, location: 2F
0-2: Fly out, F6 (Line Drive, 6M)
Batting: LHB Robert Moore 0-0: Swinging Strike
0-1: Foul Ball, location: 2F
0-2: Strikes out looking
Top of the 2nd over - 0 runs, 1 hit, 0 errors, 1 left on base; Greenville 0 - Austin 1
BOTTOM OF THE 2ND
Austin River Sharks batting - Pitching for Greenville 84s : LHP Darrell Harding
Batting: RHB Jack Bailey 0-0: Ground out 3-1 (Groundball, 34)
Batting: RHB Andy Aiton 0-0: Ball
1-0: Ball
2-0: Ball
3-0: Called Strike
3-1: Foul Ball, location: 2F
3-2: DOUBLE (Line Drive, 7LM)
Batting: LHB Enrico Vargas 0-0: Ball
1-0: Foul Ball, location: 2F
1-1: Swinging Strike
1-2: Foul Ball, location: 2F
1-2: Ball
2-2: Ground out 4-3 (Groundball, 34D)
Andy Aiton to third
Batting: LHB José Lińares 0-0: Ball
1-0: Ball
2-0: Ball
3-0: Base on Balls
Batting: RHB Paul Swift 0-0: Foul Ball, location: 2F
0-1: Ball
1-1: DOUBLE (Flyball, 89D)
Andy Aiton scores
José Lińares to third
Batting: RHB Richard Coker 0-0: Ball
1-0: Foul Ball, location: 2F
1-1: Ball
2-1: Foul Ball, location: 2F
2-2: Ball
3-2: Foul Ball, location: 2F
3-2: Strikes out looking
Bottom of the 2nd over - 1 run, 2 hits, 0 errors, 2 left on base; Greenville 0 - Austin 2
TOP OF THE 3RD
Greenville 84s batting - Pitching for Austin River Sharks : RHP Carlos Hernández
Batting: RHB Robert Buckley 0-0: Reached on error, E5 (Groundball, 56)
Batting: RHB Jeff Packard 0-0: Foul Ball, location: 2F
0-1: Swinging Strike
0-2: Strikes out swinging
Batting: LHB Stanley Smith 0-0: Ball
1-0: Called Strike
1-1: SINGLE (Groundball, 3) (infield hit)
Robert Buckley to second
Batting: RHB Ramiro Chávez 0-0: Called Strike
0-1: Called Strike
0-2: Fly out, F9 (Flyball, 89S)
Batting: RHB Pat Fernández 0-0: Swinging Strike
0-1: Foul Ball, location: 2F
0-2: Fly out, F9 (Flyball, 89D)
Top of the 3rd over - 0 runs, 1 hit, 1 error, 2 left on base; Greenville 0 - Austin 2
BOTTOM OF THE 3RD
Austin River Sharks batting - Pitching for Greenville 84s : LHP Darrell Harding
Batting: RHB Edward Young 0-0: Foul Ball, location: 2F
0-1: Ball
1-1: Ground out 6-3 (Groundball, 6)
Batting: LHB Fred Abrams 0-0: Called Strike
0-1: Called Strike
0-2: Strikes out swinging
Batting: RHB Jesús Hernández 0-0: Foul Ball, location: 2F
0-1: Hit by Pitch
Batting: RHB Jack Bailey 0-0: Ball
1-0: Fly out, F6 (Line Drive, 6)
Bottom of the 3rd over - 0 runs, 0 hits, 0 errors, 1 left on base; Greenville 0 - Austin 2
TOP OF THE 4TH
Greenville 84s batting - Pitching for Austin River Sharks : RHP Carlos Hernández
Batting: LHB Dave Raines 0-0: Ball
1-0: Ball
2-0: Called Strike
2-1: Ball
3-1: Foul Ball, location: 2F
3-2: Base on Balls
Batting: LHB Jimmy Vickers 0-0: Ball
1-0: Swinging Strike
1-1: Foul Ball, location: 2F
1-2: Ball
2-2: Fly out, F8 (Flyball, 78M)
Batting: RHB Casey Fox 0-0: Reached on error, E1 (Groundball, 13)
Dave Raines to second
Batting: LHB Robert Moore 0-0: Called Strike
0-1: Called Strike
0-2: SINGLE (Flyball, 89S)
Dave Raines to third
Casey Fox to second
Runner from 3rd tries for Home, throw and OUT!
Batting: RHB Robert Buckley 0-0: Ball
1-0: Ball
2-0: Called Strike
2-1: Swinging Strike
2-2: Foul Ball, location: 2F
2-2: Ball
3-2: Foul Ball, location: 2F
3-2: Base on Balls
Casey Fox to third
Robert Moore to second
Batting: RHB Jeff Packard 0-0: Ball
1-0: Swinging Strike
1-1: Ball
2-1: Foul Ball, location: 2F
2-2: Foul Ball, location: 2F
2-2: Ground out 5-3 (Groundball, 56S)
Top of the 4th over - 0 runs, 1 hit, 1 error, 3 left on base; Greenville 0 - Austin 2
BOTTOM OF THE 4TH
Austin River Sharks batting - Pitching for Greenville 84s : LHP Darrell Harding
Batting: RHB Andy Aiton 0-0: Ball
1-0: Called Strike
1-1: Fly out, F4 (Popup, 4M)
Batting: LHB Enrico Vargas 0-0: Foul Ball, location: 2F
0-1: Fly out, F8 (Flyball, 89D)
Batting: LHB José Lińares 0-0: DOUBLE (Line Drive, 9LM)
Batting: RHB Paul Swift 0-0: Called Strike
0-1: Foul Ball, location: 2F
0-2: Ball
1-2: Strikes out swinging
Bottom of the 4th over - 0 runs, 1 hit, 0 errors, 1 left on base; Greenville 0 - Austin 2
TOP OF THE 5TH
Greenville 84s batting - Pitching for Austin River Sharks : RHP Carlos Hernández
Batting: LHB Stanley Smith 0-0: Fly out, F9 (Flyball, 9LS)
Batting: RHB Ramiro Chávez 0-0: Ball
1-0: SINGLE (Line Drive, 8LS)
Batting: RHB Pat Fernández 0-0: Foul Ball, location: 2F
0-1: Ball
1-1: Swinging Strike
1-2: Ball
2-2: SINGLE (Line Drive, 7LS)
Ramiro Chávez to second
Batting: LHB Dave Raines 0-0: SINGLE (Flyball, 9S)
Ramiro Chávez to third
Pat Fernández to second
Batting: LHB Jimmy Vickers 0-0: Called Strike
0-1: Ball
1-1: Foul Ball, location: 2F
1-2: Ball
2-2: SINGLE (Groundball, 5D)
Ramiro Chávez scores
Pat Fernández to third
Dave Raines to second
Runner from 3rd tries for Home, SAFE, no throw
Batting: RHB Casey Fox 0-0: Ball
1-0: Called Strike
1-1: Grounds into double play, 6-4-3 (Groundball, 6)
Top of the 5th over - 2 runs, 4 hits, 0 errors, 1 left on base; Greenville 2 - Austin 2
BOTTOM OF THE 5TH
Austin River Sharks batting - Pitching for Greenville 84s : LHP Darrell Harding
Batting: RHB Richard Coker 0-0: Called Strike
0-1: Foul Ball, location: 2F
0-2: Foul Ball, location: 2F
0-2: Ball
1-2: Ground out U3 (Groundball, 3L)
Batting: RHB Edward Young 0-0: Ball
1-0: Called Strike
1-1: Called Strike
1-2: Strikes out looking
Batting: LHB Fred Abrams 0-0: Ball
1-0: Foul Ball, location: 2F
1-1: Swinging Strike
1-2: Foul Ball, location: 2F
1-2: Foul Ball, location: 2F
1-2: Ball
2-2: Foul Ball, location: 2F
2-2: Strikes out looking
Bottom of the 5th over - 0 runs, 0 hits, 0 errors, 0 left on base; Greenville 2 - Austin 2
TOP OF THE 6TH
Greenville 84s batting - Pitching for Austin River Sharks : RHP Carlos Hernández
Batting: LHB Robert Moore 0-0: SINGLE (Flyball, 89S)
Batting: RHB Robert Buckley 0-0: Called Strike
0-1: Swinging Strike
0-2: Strikes out looking
Batting: RHB Jeff Packard 0-0: SINGLE (Groundball, 56D)
Robert Moore to second
Batting: LHB Stanley Smith 0-0: Foul Ball, location: 2F
0-1: Ball
1-1: Ball
2-1: Fielders Choice at 2nd, 4-6 (Groundball, 4M)
Robert Moore to third
Batting: RHB Ramiro Chávez 0-0: Ball
Stanley Smith is caught stealing 2nd base
Top of the 6th over - 0 runs, 2 hits, 0 errors, 1 left on base; Greenville 2 - Austin 2
BOTTOM OF THE 6TH
Austin River Sharks batting - Pitching for Greenville 84s : LHP Darrell Harding
Pitching: LHP Walt MacKey
Batting: RHB Jesús Hernández 0-0: Ball
1-0: Foul Ball, location: 2F
1-1: Ball
2-1: Fly out, F4 (Flyball, 4MD)
Batting: RHB Jack Bailey 0-0: Called Strike
0-1: SINGLE (Flyball, 78M)
Batting: RHB Andy Aiton 0-0: Fly out, F4 (Line Drive, 4)
Batting: LHB Enrico Vargas 0-0: Called Strike
0-1: Ball
1-1: Fly out, F4 (Popup, 4D)
Bottom of the 6th over - 0 runs, 1 hit, 0 errors, 1 left on base; Greenville 2 - Austin 2
TOP OF THE 7TH
Greenville 84s batting - Pitching for Austin River Sharks : RHP Carlos Hernández
Pitching: RHP Junior Mateo
Batting: RHB Ramiro Chávez 0-0: Called Strike
0-1: Ball
1-1: DOUBLE (Line Drive, 9LS)
Batting: RHB Pat Fernández 0-0: Intentional Walk
Pitching: LHP Manuel Gil
Batting: LHB Dave Raines 0-0: Swinging Strike
0-1: Ball
1-1: Called Strike
1-2: Strikes out swinging
Batting: LHB Jimmy Vickers 0-0: Ball
1-0: Fly out, F7 (Flyball, 78D)
Pitching: RHP Luis Trujillo
Batting: RHB Casey Fox 0-0: Foul Ball, location: 2F
0-1: Foul Ball, location: 2F
0-2: Ball
1-2: Fielders Choice at 2nd, 5-4 (Groundball, 56)
Top of the 7th over - 0 runs, 1 hit, 0 errors, 2 left on base; Greenville 2 - Austin 2
BOTTOM OF THE 7TH
Austin River Sharks batting - Pitching for Greenville 84s : LHP Walt MacKey
Batting: LHB José Lińares 0-0: Called Strike
0-1: Called Strike
0-2: Ball
1-2: SOLO HOME RUN (Flyball, 7LD), Distance : 358 ft
Batting: RHB Paul Swift 0-0: Ball
1-0: Called Strike
1-1: SINGLE (Flyball, 78S)
Batting: RHB Richard Coker 0-0: Ball
1-0: Foul Ball, location: 2F
1-1: Grounds into double play, 1-6-3 (Groundball, P)
Batting: RHB Edward Young 0-0: Called Strike
0-1: Ball
1-1: Fly out, F7 (Flyball, 7)
Bottom of the 7th over - 1 run, 2 hits, 0 errors, 0 left on base; Greenville 2 - Austin 3
TOP OF THE 8TH
Greenville 84s batting - Pitching for Austin River Sharks : RHP Luis Trujillo
Batting: LHB Robert Moore 0-0: Ground out 4-3 (Groundball, 4)
Batting: RHB Robert Buckley 0-0: SINGLE (Line Drive, 89M)
Pitching: RHP Jorge Delgado
Batting: RHB Jeff Packard 0-0: Ball
1-0: Ball
2-0: Fielders Choice at 2nd, 6-4 (Groundball, 6M)
Batting: LHB Stanley Smith 0-0: Swinging Strike
0-1: Ball
1-1: Ball
2-1: Called Strike
2-2: Ball
3-2: Strikes out swinging
Top of the 8th over - 0 runs, 1 hit, 0 errors, 1 left on base; Greenville 2 - Austin 3
BOTTOM OF THE 8TH
Austin River Sharks batting - Pitching for Greenville 84s : LHP Walt MacKey
Batting: LHB Fred Abrams 0-0: Ball
1-0: Ball
2-0: Fly out, F4 (Line Drive, 4)
Batting: RHB Jesús Hernández 0-0: Ground out 6-3 (Groundball, 6)
Batting: RHB Jack Bailey 0-0: Called Strike
0-1: Ball
1-1: SINGLE (Groundball, 34D)
Batting: RHB Andy Aiton 0-0: Ball
1-0: Ball
2-0: Swinging Strike
2-1: Ball
3-1: Called Strike
3-2: Fly out, F3 (Popup, 3SF)
Bottom of the 8th over - 0 runs, 1 hit, 0 errors, 1 left on base; Greenville 2 - Austin 3
TOP OF THE 9TH
Greenville 84s batting - Pitching for Austin River Sharks : RHP Jorge Delgado
Pitching: RHP Paco Gutiérrez
Batting: RHB Ramiro Chávez 0-0: Ground out 4-3 (Groundball, 4)
Batting: RHB Pat Fernández 0-0: Foul Ball, location: 2F
0-1: Swinging Strike
0-2: Ball
1-2: Foul Ball, location: 2F
1-2: Ball
2-2: Ball
3-2: Base on Balls
Batting: LHB Dave Raines 0-0: Ball
1-0: Called Strike
1-1: Foul Ball, location: 2F
1-2: Foul Ball, location: 2F
1-2: Foul Ball, location: 2F
1-2: Strikes out swinging
Batting: LHB Jimmy Vickers 0-0: Swinging Strike
0-1: Swinging Strike
0-2: Ball
1-2: Foul Ball, location: 2F
1-2: Foul Ball, location: 2F
1-2: Ball
2-2: Ground out 4-3 (Groundball, 4)
Top of the 9th over - 0 runs, 0 hits, 0 errors, 1 left on base; Greenville 2 - Austin 3
Saturday, April 7th, 2018 - OOTP Baseball 18.8 Build 76